cohdb
Replays
Latest Replays
All Replays
Popular Replays
Top Player Replays
Match Explorer
How It Works
Community
CoH3 Stats
Reddit
Sign in to upload your games and track your stats! →
Sign in with Steam
Match 45680466
Unlisted
Match 45680466
Overview
Messages
Build Orders
End
Selects Special Operations Battlegroup
Selects M29 Weasel Recon Vehicle
M29 Weasel Recon Vehicle
Construct Barracks
Riflemen Squad
Riflemen Squad
Mechanized Support Center
Grenade Package
Riflemen Squad
Designate Forward Repair Station
Construct Medical Station
Selects Raiding Flares
Selects SSF Commando Squad
SSF Commando Squad
Construct Motor Pool
M3 75 mm Gun Motor Carriage
Engineer Squad
Construct Tank Depot
M18 Hellcat Tank Destroyer
Selects P-47 Anti-Infantry Loiter
Selects UNKNOWN (2162291)
SSF Commando Squad
NanoLoki
FemtoLoki
Mr.NooB
Adelfos
Door
FLOKL
0
0
Comments
sign in to comment!
No comments posted yet!